 Dungeon Crawl Stone Soup version 0.23.0 (webtiles) character file.

Game seed: 13990172991112950168

125 EnegeticOcto the Chopper (level 4, -7/35 HPs)
             Began as a Demonspawn Gladiator on Feb 10, 2019.
             Mangled by Edmund
             ... wielding a +0 dire flail of draining
              (8 damage)
             ... on level 4 of the Dungeon.
             The game lasted 00:01:42 (2539 turns).

EnegeticOcto the Chopper (Demonspawn Gladiator)     Turns: 2539, Time: 00:01:42

Health: -7/35      AC:  3    Str: 15    XL:     4   Next: 82%
Magic:  4/4        EV: 11    Int:  9    God:
Gold:   163        SH:  0    Dex: 15    Spells: 3/3 levels left

rFire    . . .     SeeInvis .   a - +0 war axe
rCold    . . .     Gourm    .   (no shield)
rNeg     . . .     Faith    .   b - +0 leather armour
rPois    .         Spirit   .   (helmet restricted)
rElec    .         Reflect  .   (no cloak)
rCorr    .         Harm     .   (no gloves)
MR       .....                  (no boots)
Stlth    +.........             (no amulet)
HPRegen  0.11/turn              (no ring)
MPRegen  0.09/turn              (no ring)

@: heavily drained
A: horns 1, talons 1, powered by pain 1
a: no special abilities


You were on level 4 of the Dungeon.
You were not hungry.

You visited 1 branch of the dungeon, and saw 4 of its levels.

You collected 163 gold pieces.

Inventory:

Hand Weapons
 a - a +0 war axe (weapon)
Missiles
 d - 3 throwing nets (quivered) {!f}
Armour
 b - a +0 leather armour (worn)
 c - a +0 helmet
Jewellery
 m - an uncursed ring of protection from magic {unknown}
Wands
 k - a wand of digging (5)
Scrolls
 e - a scroll of amnesia {unknown}
 g - a scroll of random uselessness {unknown}
 h - a scroll of magic mapping {unknown}
 i - 4 scrolls of identify {unknown}
 j - 2 scrolls of teleportation {unknown}
 n - 2 scrolls of fog {unknown}
 p - a scroll of remove curse {unknown}
 r - a scroll of enchant weapon {unknown}
Potions
 l - 2 potions of brilliance {unknown}
 o - 2 potions of curing {unknown}
 q - a potion of cancellation {unknown}
Comestibles
 f - 3 rations
 s - 2 chunks of flesh


   Skills:
 + Level 3.5(1.6) Fighting
 - Level 3.8(1.9) Axes
 - Level 1.7(0.0) Throwing
 - Level 2.6(0.8) Dodging
 * Level 1.5(0.0) Unarmed Combat


You had 3 spell levels left.
You didn't know any spells.
Your spell library was empty.

Dungeon Overview and Level Annotations

Branches:
Dungeon (4/15)
 Temple: D:4-7

Altars:
Qazlal

Annotations:
D:4 Edmund


Innate Abilities, Weirdness & Mutations

You have a pair of small horns on your head.
You have sharp toenails.
You sometimes gain a little power by taking damage.


Message History

* * * LOW HITPOINT WARNING * * *
You feel drained.
* * * LOW HITPOINT WARNING * * *
You hit Edmund. Your kick misses Edmund.
Edmund is heavily wounded.
Edmund misses you. Edmund barely misses you.
You closely miss Edmund. You claw Edmund, but do no damage.
Edmund is heavily wounded.
Edmund hits you with a +0 dire flail of draining.
* * * LOW HITPOINT WARNING * * *
You feel drained.
* * * LOW HITPOINT WARNING * * *
You closely miss Edmund. You claw Edmund, but do no damage.
You headbutt Edmund!
Edmund is severely wounded.
Edmund hits you but does no damage.
You feel drained.
You closely miss Edmund. Your headbutt misses Edmund.
Edmund is severely wounded.
Edmund hits you with a +0 dire flail of draining!
You die...

+.....# #.....#
#.....# #.....# ..
#.=...###+#####...
#.................
#...@.............
#....@...........
#..............###+###
#...........<..#......
#..........>...#......
#.....####'#####......
#.....#........#......
#.....#........#......
#.....#........'......
#.....#.......##......


You could see Edmund.

Vanquished Creatures
  Terence (D:2)
  4 adders (D:3)
  An ooze (D:2)
  An adder skeleton (D:3)
  2 worms
  2 leopard geckos (D:1)
  5 bats
  5 giant cockroaches
  8 goblins
  3 hobgoblins
  7 kobolds
  2 frilled lizards
  12 rats
53 creatures vanquished.

Notes
Turn   | Place    | Note
-------+----------+-------------------------------------------
     0 | D:1      | EnegeticOcto the Demonspawn Gladiator began the quest for
                  | the Orb.
     0 | D:1      | Reached XP level 1. HP: 16/16 MP: 1/1
    42 | D:1      | Gained mutation: You have sharp toenails. [demonic
                  | ancestry]
    42 | D:1      | Reached XP level 2. HP: 18/22 MP: 2/2
   904 | D:2      | Gained mutation: You have a pair of small horns on your
                  | head. [demonic ancestry]
   904 | D:2      | Reached XP level 3. HP: 27/28 MP: 3/3
   923 | D:2      | Noticed Terence
   930 | D:2      | Killed Terence
  1189 | D:2      | Found a stormy altar of Qazlal.
  1403 | D:3      | Gained mutation: You sometimes gain a little power by
                  | taking damage. [demonic ancestry]
  1403 | D:3      | Reached XP level 4. HP: 26/35 MP: 4/4
  1688 | D:3      | Reached skill level 1 in Unarmed Combat
  2522 | D:4      | Noticed Edmund
  2537 | D:4      | HP: 1/35 [Edmund/+0 dire flail of draining (1)]
  2539 | D:4      | Mangled by Edmund

Skill      XL: |  1  2  3  4 |
---------------+-------------+-----
Axes           | 3 |  3.8
Fighting       | 3 |  3.5
Unarmed Combat | 1 |  1.5
Throwing       | |  1.7
Dodging        | |  2.6

Action                   |  1- 3 |  4- 6 || total
-------------------------+-------+-------++-------
Melee: War axe           |    71 |    44 ||   115
       Kick              |    15 |     8 ||    23
       Headbutt          |     2 |    10 ||    12
 Stab: Sleeping          |       |     1 ||     1
  Eat: Chunk             |     2 |     3 ||     5
Armor: Leather armour    |    18 |    11 ||    29
Dodge: Dodged            |    43 |    32 ||    75
